 Dungeon Crawl Stone Soup version 0.13.0-19-g8e0b589 (webtiles) character file.

393 Kejsarherre the Cudgeler (level 5, -2/50 HPs)
             Began as an Ogre Hunter on Oct 25, 2013.
             Slain by Pikel
             ... wielding a +1,+1 whip of electrocution
              (22 damage)
             ... on Level 4 of the Dungeon.
             The game lasted 00:04:28 (2104 turns).

Kejsarherre the Cudgeler (Ogre Hunter)              Turns: 2104, Time: 00:04:28

HP  -2/50        AC  3     Str 18      XL: 5   Next: 64%
MP   4/4         EV 10     Int 10      God:
Gold 208         SH  0     Dex 10      Spells:  0 memorised,  4 levels left

Res.Fire  : . . .   See Invis. : .   n - +0,+2 orc flail (holy)
Res.Cold  : . . .   Warding    : .   d - +0 animal skin
Life Prot.: . . .   Conserve   : .   (shield restricted)
Res.Poison: .       Res.Corr.  : .   (helmet restricted)
Res.Elec. : .       Clarity    : .   (no cloak)
Sust.Abil.: . .     Spirit.Shd : .   (gloves unavailable)
Res.Mut.  : .       Stasis     : .   (boots unavailable)
Res.Rott. : .       Flight     : .   (no amulet)
Saprovore : + . .                    (no ring)
                                     (no ring)

@: slightly resistant to hostile enchantments, unstealthy
A: unfitting armour, fast metabolism 1, saprovore 1, tough skin 1
a: no special abilities


You were on level 4 of the Dungeon.
You were hungry.

You visited 1 branch of the dungeon, and saw 4 of its levels.

You collected 188 gold pieces.

Inventory:

Hand weapons
 a - a +1,+1 club {=f}
 g - a +0,+0 mace
 n - a +0,+2 orcish flail of holy wrath (weapon)
Missiles
 b - 2 large rocks (quivered)
 c - 2 throwing nets
Armour
 d - a +0 animal skin (worn)
Magical devices
 p - a wand of teleportation (2)
Comestibles
 f - 2 meat rations
 o - a bread ration
 w - 7 strawberries
 A - a rotting chunk of adder flesh
Scrolls
 e - 5 scrolls of teleportation {unknown}
 h - a scroll of curse armour {unknown}
 i - 3 scrolls of remove curse {unknown}
 j - 8 scrolls of identify {unknown}
 k - a scroll of fear {unknown}
 l - 4 scrolls of noise {unknown}
 q - a scroll of magic mapping {unknown}
 u - 2 scrolls of random uselessness {unknown}
Jewellery
 y - an uncursed ring of fire
Potions
 m - a potion of agility {unknown}
 r - a potion of invisibility {unknown}
 s - 2 potions of curing {unknown}
 t - a potion of might {unknown}
 v - a potion of blood {unknown}


   Skills:
 - Level 2.6 Fighting
 + Level 7.1 Maces & Flails
 - Level 4.3 Throwing
 - Level 1.7 Dodging
 - Level 0.7 Stealth


You had 4 spell levels left.
You didn't know any spells.

Dungeon Overview and Level Annotations

Branches:
Dungeon (4/27)
 Temple: D:4-7

Altars:
Nemelex Xobeh
Xom

Annotations:
D:4 Pikel


Innate Abilities, Weirdness & Mutations

You are too large for most types of armour.
You have a fast metabolism.
You can tolerate rotten meat.
You have tough skin (AC +1).


Message History

You start butchering the quokka corpse with your knife.
You continue butchering the corpse.
Pikel says, "You'll fetch a fair price!"
You continue butchering the corpse.
Pikel says, "You'll fetch a fair price!"
You finish chopping the quokka corpse into pieces.
You see here 2 chunks of quokka flesh.
Throwing (i - inventory. (,) - cycle):
b - 4 large rocks (quivered)
Press: ? - help, Shift-Dir - straight line, f - Pikel
Aim: Pikel, wielding a runed whip and wearing an elven robe You throw a large rock.
The large rock misses Pikel.
You hear a shout!
Throwing (i - inventory. (,) - cycle):
b - 3 large rocks (quivered)
Press: ? - help, Shift-Dir - straight line, f/p - Pikel
Aim: Pikel, wielding a runed whip and wearing an elven robe You throw a large rock.
The large rock misses Pikel.
Pikel hits you with a runed whip!
* * * LOW HITPOINT WARNING * * *
You are electrocuted!
You die...

#.## #..#
##..# #...#
..### #...#
....(##...#
..........#
.......K..<#
........@.<#
..........<#
...........#
..........#
.........[#
........(.#
.....#...#
....##..#
... #.##


You could see Pikel.

Vanquished Creatures
  A hound (D:4)
  Terence (D:2)
  4 gnolls (D:3)
  4 adders
  An inept feature mimic (D:2)
  A giant gecko (D:2)
  An ooze (D:2)
  2 ball pythons (D:3)
  6 goblins
  5 hobgoblins
  5 jackals
  9 kobolds
  3 quokkas
  7 bats
  A giant cockroach (D:2)
  6 giant newts
  6 rats
63 creatures vanquished.

Notes
Turn   | Place    | Note
--------------------------------------------------------------
     0 | D:1      | Kejsarherre, the Ogre Hunter, began the quest for the Orb.
     0 | D:1      | Reached XP level 1. HP: 20/20 MP: 0/0
    93 | D:1      | Reached XP level 2. HP: 14/28 MP: 1/1
   609 | D:2      | Reached XP level 3. HP: 35/35 MP: 2/2
  1126 | D:2      | Noticed Terence
  1128 | D:2      | Killed Terence
  1128 | D:2      | Reached skill level 5 in Maces & Flails
  1128 | D:2      | Reached XP level 4. HP: 17/44 MP: 3/3
  1557 | D:3      | Found a sparkling altar of Nemelex Xobeh.
  1673 | D:3      | Reached skill level 6 in Maces & Flails
  1674 | D:3      | Reached XP level 5. HP: 50/50 MP: 4/4
  1836 | D:3      | Found a shimmering altar of Xom.
  2097 | D:4      | Reached skill level 7 in Maces & Flails
  2098 | D:4      | Noticed Pikel
  2104 | D:4      | Slain by Pikel

Action                   |  1- 3 |  4- 6 || total
-------------------------+-------+-------++-------
Melee: Club              |     4 |       ||     4
       Mace              |    75 |       ||    75
       Flail             |     5 |    82 ||    87
Throw: Large rock        |    25 |    11 ||    36
 Stab: Sleeping          |     1 |       ||     1
